Map: Whispers of Gold

Players

Holister - Winner!

  • Race: Zerg Zerg
  • League: Master
  • Spawn Location: 5:00

vibuHeart

  • Race: Protoss Protoss
  • League: Diamond
  • Spawn Location: 9:00

VOD

Have the link to the VOD?

Description

Time

  • Played on: Jan. 22, 2025, 6:38 a.m.
  • Length: 7:01
Show
View Real Time Build Order
Export as new Build Order

Holister Zerg - Winner!

Build Orders: Hatch First 

Get SALT Encoding   

  12  0:02  Drone  
  13  0:13  Overlord  
  13  0:24  Drone  
  14  0:31  Drone x2  
  16  0:37  Drone  
  17  0:46  Drone  
  18  0:56  Hatchery  
  17  1:01  Drone  
  18  1:07  Drone  
  19  1:18  Spawning Pool  
  18  1:20  Drone  
  18  1:23  Extractor  
  18  1:33  Drone  
  18  1:39  Extractor  
  19  1:40  Drone  
  19  1:50  Drone  
  20  2:03  Drone  
  20  2:08  Queen x2  
  23  2:10  Drone  
  26  2:24  Hatchery  
  26  2:26  Drone  
  26  2:31  Drone  
  26  2:32  Drone  
  28  2:37  Metabolic Boost  
  28  2:43  Overlord  
  28  2:49  Overlord  
  28  3:04  Drone  
  28  3:05  Drone x4  
  33  3:18  Drone x2  
  35  3:25  Hatchery  
  34  3:29  Overlord  
  34  3:31  Drone  
  34  3:32  Drone x3  
  38  3:37  Baneling Nest  
  38  3:40  Drone  
  38  3:42  Drone  
  38  3:47  Drone  
  40  3:50  Drone x2  
  40  3:54  Overlord  
  40  3:55  Overlord  
  42  4:00  Lair  
  42  4:01  Zergling x2  
  44  4:02  Zergling x2  
  44  4:14  Drone x3  
  44  4:15  Zergling x6  
  50  4:22  Zergling x2  
  50  4:23  Zergling x2  
  52  4:26  Drone  
  52  4:27  Evolution Chamber  
  52  4:28  Zergling x8  
  56  4:33  Baneling x3  
  56  4:37  Overlord  
  56  4:38  Overlord  
  56  4:40  Zergling x4  
  58  4:46  Zergling x2  
  59  4:53  Spore Crawler x2  
  59  4:54  Queen  
  59  5:06  Baneling x4  
  57  5:16  Zergling x2  
  57  5:17  Zergling x28  
  71  5:25  Drone  
  71  5:28  Extractor  
  71  5:30  Zergling x8  
  71  5:34  Drone x4  
  79  5:36  Spore Crawler  
  79  5:39  Baneling x4  
  74  6:03  Baneling x3  
  71  6:04  Zergling x8  
  71  6:05  Zergling x2  
  71  6:07  Zergling x12  
  71  6:08  Zergling x2  
  79  6:31  Zergling x16  
  85  6:37  Hatchery  
  85  6:39  Drone x3  
  84  6:40  Extractor  
  84  6:41  Extractor  
  84  6:45  Hatchery  
  78  6:47  Roach Warren, Hatchery  
Show
View Real Time Build Order
Export as new Build Order

vibuHeart Protoss 

Build Orders:  

Get SALT Encoding   

  12  0:00  Probe  
  13  0:12  Probe  
  14  0:20  Pylon  
  14  0:32  Probe  
  15  0:40  Gateway  
  15  0:44  Probe  
  16  0:53  Assimilator  
  16  0:56  Probe  
  17  1:08  Probe  
  18  1:22  Probe  
  19  1:35  Probe, Cybernetics Core  
  20  1:44  Probe  
  20  1:45  Nexus  
  21  1:59  Probe, Pylon  
  22  2:11  Probe  
  23  2:18  Stargate  
  23  2:23  Probe  
  23  2:24  Zealot  
  26  2:37  Forge  
  26  2:39  Probe  
  27  2:51  Probe  
  28  2:59  Probe, Assimilator  
  28  3:01  Assimilator  
  28  3:03  Probe  
  30  3:11  Probe  
  35  3:17  Probe, Void Ray  
  36  3:23  Adept, Probe  
  39  3:29  Probe  
  39  3:34  Pylon  
  40  3:35  Probe  
  40  3:41  Probe  
  42  3:47  Probe  
  43  3:53  Probe  
  44  4:00  Adept, Probe  
  47  4:05  Probe  
  47  4:08  Pylon  
  48  4:12  Probe  
  49  4:19  Probe  
  49  4:24  Probe  
  51  4:30  Adept  
  54  4:31  Probe  
  54  4:40  Nexus  
  54  4:41  Pylon  
  54  4:46  Probe x2  
  54  4:51  Assimilator  
  56  4:58  Probe  
  56  4:59  Probe  
  58  5:00  Adept, Pylon  
  60  5:10  Probe  
  60  5:11  Probe  
  58  5:21  Gateway  
  58  5:23  Gateway  
  58  5:29  Shield Battery  
  58  5:31  Gateway  
  58  5:41  Probe x2  
  62  5:43  Void Ray  
  64  5:51  Gateway  
  64  5:53  Gateway  
  64  5:54  Gateway  
  60  6:09  Zealot x2  
  57  6:14  Forge  
  51  6:31  Zealot  
Tags
 
Add a new tag
Caveats
  • Supply blocks, unpowered buildings, or Contaminate may cause inaccurate times.
  • Supply counts are checked every 10 seconds.